 Dungeon Crawl Stone Soup version 0.29.1-15-g9cfb28693d (webtiles) character file.

Game seed: 633351314027888039

1113 BuddhaDhamma the Cleaver (level 8, -6/64 HPs)
             Began as a Minotaur Berserker on Mar 20, 2023.
             Was a Priest of Trog.
             Killed from afar by an efreet (8 damage)
             ... with a fireball
             ... on level 1 of the Abyss.
             The game lasted 00:10:54 (4925 turns).

BuddhaDhamma the Cleaver (Minotaur Berserker)       Turns: 4925, Time: 00:10:55

Health: -6/64      AC:  8    Str: 24    XL:     8   Next: 12%
Magic:  7/7        EV:  8    Int:  9    God:    Trog [***...]
Gold:   18         SH:  6    Dex: 10    Spells: 7/7 levels left

rFire   . . .      SeeInvis +   s - +2 broad axe (vorpal)
rCold   . . .      Faith    .   h - +0 kite shield of Lesser Demons {rPois rN+ Int+5}
rNeg    + . .      Spirit   .   l - +0 scale mail
rPois   +          Reflect  .   (helmet restricted)
rElec   .          Harm     .   e - +1 cloak
rCorr   .          Rampage  .   (no gloves)
Will    .....                   (no boots)
Stlth   ..........              (no amulet)
HPRegen 0.20/turn               r - +4 ring of slaying
MPRegen 0.10/turn               u - ring of see invisible

@: on berserk cooldown
A: horns 2, retaliatory headbutt
a: Renounce Religion, Berserk, Trog's Hand


You were on level 1 of the Abyss.
You worshipped Trog.
Trog was most pleased with you.
You visited 1 branch of the dungeon, and saw 6 of its levels.
You visited the Abyss 1 time.

You collected 293 gold pieces.
You spent 275 gold pieces at shops.

Inventory:

Hand Weapons
 f - a +0 battleaxe
 s - a +2 vorpal broad axe (weapon)
Missiles
 p - 5 datura-tipped darts (quivered)
 q - 2 poisoned darts
Armour
 e - a +1 cloak (worn)
 h - the +0 kite shield of Lesser Demons (worn) {rPois rN+ Int+5}
   (You bought it in a shop on level 4 of the Dungeon)

   Int:       It affects your intelligence (+5).
   rPois:     It protects you from poison.
   rN:        It protects you from negative energy.
 l - a +0 scale mail (worn)
Jewellery
 r - a +4 ring of slaying (left hand)
 u - a ring of see invisible (right hand)
Wands
 b - a wand of iceblast (9)
Scrolls
 c - 5 scrolls of identify
 d - a scroll of fog
 j - 2 scrolls of teleportation
Potions
 a - a potion of mutation
 g - a potion of degeneration
 i - 2 potions of heal wounds
 k - 2 potions of haste
 m - a potion of might
 n - a potion of brilliance
 o - a potion of curing {unknown}
 t - a potion of attraction


   Skills:
 - Level 3.6 Fighting
 + Level 11.9 Axes
 - Level 2.4 Armour
 - Level 2.1 Dodging


You had 7 spell levels left.
You didn't know any spells.
Your spell library was empty.

Dungeon Overview and Level Annotations

Branches:
Dungeon (6/15)             Temple (0/1) D:5

Altars:
Dithmenos
Hepliaklqana
Zin
The Shining One

Shops:
D:3 :   D:4 [   D:6 *

Annotations:
D:3 3 runed translucent doors, sigtrap's ghost, amateur SpHu
D:6 Crazy Yiuf


Innate Abilities, Weirdness & Mutations

You have a pair of horns on your head.
You reflexively headbutt those who attack you in melee.


Message History

Found a hammer.
Found a runed translucent door.
Crazy Yiuf shouts!
Key pressed, stopping explore.
Press: ? - help, v - describe, . - travel The floor.
A red film seems to cover your vision as you go berserk!
You feel yourself moving faster!
You feel mighty!
The door flies open with a bang!
You feel a strong urge to attack something.
You slash Crazy Yiuf!
Crazy Yiuf is almost dead.
Crazy Yiuf hits you with a +2 quarterstaff of chaos.
You are cast into the Abyss!
This branch contains the abyssal rune of Zot.
There is an open translucent door here.
You feel a strong urge to attack something.
You feel your anger nearly subside.
You are no longer berserk.
You are exhausted.
You feel yourself slow down.
There is an open translucent door here.
There is an open translucent door here.
There is an open translucent door here.
An efreet comes into view.
It is wielding a +2 scimitar of flaming.
The efreet gestures at you. The bolt of fire hits you!!
The efreet gestures at you.
The fireball explodes!
The fireball engulfs you.
The efreet hits you with a +2 scimitar of flaming!
The efreet burns you.
A small abomination comes into view.
The efreet gestures at you. The bolt of fire hits you!
* * * LOW HITPOINT WARNING * * *
The efreet gestures at you.
The fireball explodes!
The fireball engulfs you!
* * * LOW HITPOINT WARNING * * *
You feel yourself speed up. The efreet gestures at you.
The fireball explodes!
The fireball engulfs you!
You die...

. #. ####. #.
.## ..... #
##.##.###...#
#..#.#.#...#...#
#.....#...○°#○#
##.○##.#..#
#.R#.##. .##
#..#.###.. #
#.@.####...##
##...##.....#
.x.## # ###
#..## #.# ..#.
##. #.. # .. ...
#.# .... ##


You could see an efreet and a small abomination.

Vanquished Creatures
  Menkaure (D:5)
  Edmund (D:6)
  A black bear (D:4)
  A sky beast (D:6)
  An ogre (D:4)
  Blork the orc (D:6)
  2 necrophages
  A scorpion (D:5)
  A hound (D:4)
  3 jellies
  2 iguanas
  An orc wizard (D:6)
  Robin (D:4)
  4 adders
  An ufetubus (D:5)
  A worm (D:4)
  4 dart slugs
  6 orcs
  5 ball pythons
  6 bats
  4 endoplasms
  3 giant cockroaches
  16 goblins
  10 hobgoblins
  9 jackals
  2 quokkas
  2 frilled lizards (D:1)
  5 kobolds
  5 rats
100 creatures vanquished.

Vanquished Creatures (collateral kills)
  A kobold (D:4)
1 creature vanquished.

Vanquished Creatures (others)
  An adder (D:4)
1 creature vanquished.

Grand Total: 102 creatures vanquished

Notes
Turn   | Place    | Note
-------+----------+-------------------------------------------
     0 | D:1      | BuddhaDhamma the Minotaur Berserker began the quest for the
                  | Orb.
     0 | D:1      | Reached XP level 1. HP: 19/19 MP: 0/0
    71 | D:1      | Reached skill level 4 in Axes
    83 | D:1      | Reached XP level 2. HP: 2/26 MP: 1/1
   480 | D:1      | Found a faded altar of an unknown god.
  1007 | D:2      | Reached skill level 5 in Axes
  1044 | D:2      | Reached XP level 3. HP: 31/31 MP: 2/2
  1298 | D:2      | Reached ** piety under Trog
  1378 | D:2      | Identified the +0 leather armour "Dorofoeh" {rElec rF++
                  | Str+3}
  1776 | D:3      | Found Ywemat's Book Shop.
  1978 | D:3      | Reached XP level 4. HP: 38/39 MP: 3/3
  1980 | D:3      | Reached skill level 6 in Axes
  2201 | D:3      | Found a runed translucent gate.
  2201 | D:3      | Identified the +1 short sword of Agaudyu {vorpal, rElec rF+
                  | rC+++ Int-4}
  2201 | D:3      | Noticed sigtrap's ghost (amateur SpHu)
  2207 | D:3      | Found a runed translucent gate.
  2207 | D:3      | Found a runed translucent gate.
  2390 | D:4      | Noticed an ogre
  2404 | D:4      | Killed an ogre
  2405 | D:4      | Reached skill level 7 in Axes
  2405 | D:4      | Reached XP level 5. HP: 45/45 MP: 4/4
  2472 | D:4      | Found Cierch's Antique Armour Shop.
  2878 | D:4      | Noticed Robin
  2887 | D:4      | Killed Robin
  2954 | D:4      | Reached skill level 8 in Axes
  2954 | D:4      | Reached XP level 6. HP: 51/51 MP: 5/5
  3116 | D:4      | Found a hazy altar of Hepliaklqana.
  3208 | D:4      | Found a shadowy altar of Dithmenos.
  3208 | D:4      | Noticed a shadow
  3297 | D:4      | Reached skill level 9 in Axes
  3587 | D:5      | Entered Level 5 of the Dungeon
  3635 | D:5      | Found a glowing golden altar of the Shining One.
  3757 | D:5      | Noticed Menkaure
  3767 | D:5      | Killed Menkaure
  3768 | D:5      | Reached skill level 10 in Axes
  3768 | D:5      | Reached XP level 7. HP: 57/57 MP: 6/6
  3999 | D:5      | Found a staircase to the Ecumenical Temple.
  4006 | D:5      | Reached *** piety under Trog
  4196 | D:6      | Found Zin's Purification Station.
  4199 | D:6      | Found a glowing silver altar of Zin.
  4199 | D:6      | Identified the +10 sling of Okhecola {flame, *Slow Str+2
                  | Dex+2}
  4278 | D:6      | Noticed Blork the orc
  4280 | D:6      | Noticed Edmund
  4286 | D:6      | Killed Blork the orc
  4294 | D:6      | Killed Edmund
  4295 | D:6      | Reached skill level 11 in Axes
  4381 | D:4      | Bought a jewelled kite shield for 275 gold pieces
  4381 | D:4      | Identified the +0 kite shield of Lesser Demons {rPois rN+
                  | Int+5} (You bought it in a shop on level 4 of the Dungeon)
  4639 | D:6      | Reached XP level 8. HP: 53/64 MP: 7/7
  4846 | D:6      | Found a runed translucent door.
  4847 | D:6      | Noticed Crazy Yiuf
  4901 | Abyss:1  | Cast into level 1 of the Abyss (Crazy Yiuf)
  4915 | Abyss:1  | Noticed an efreet
  4924 | Abyss:1  | HP: 1/64 [efreet/fireball (14)]
  4925 | Abyss:1  | Killed from afar by an efreet

Illustrated notes

Levels and vault maps discovered:
D:1:      dpeg_arrival_court, layout_rooms,
          dreamdust_ecumenical_altar_angels_and_demons
D:2:      layout_basic
D:3:      layout_rooms, serial_shops, shop, biasface_ghost_orc_armoury,
          hangedman_abyss_or_decor_lesser_grid
D:4:      kennysheep_goblin_castle, layout_loops_corners,
          riverfiend_overflow_shadow_ancestor, serial_shops, shop
D:5:      layout_loops_ring, tso_metal_star, temple_green, uniq_menkaure
D:6:      layout_basic, zin_purify, uniq_crazy_yiuf_cottage, uniq_edmund,
          uniq_grinder, uniq_blork_the_orc
Abyss:1:  base: D:4, minivault_20

Skill      XL: |  1  2  3  4  5  6  7 |
---------------+----------------------+-----
Axes           | 4 5 7 8 10 11 | 11.9
Fighting       | |  3.6
Armour         | |  2.4
Dodging        | |  2.1

Action                   |  1- 3 |  4- 6 |  7- 9 || total
-------------------------+-------+-------+-------++-------
Melee: Hand axe          |    69 |       |       ||    69
       Headbutt          |     8 |     4 |     5 ||    17
       Broad axe         |     2 |    69 |    36 ||   107
       Punch             |     1 |       |       ||     1
Throw: Dart              |    33 |     9 |     5 ||    47
Invok: Berserk           |       |     3 |     2 ||     5
  Use: Scroll            |       |    13 |     3 ||    16
Armor: Animal skin       |     5 |       |       ||     5
       Ring mail         |    23 |    28 |       ||    51
       Scale mail        |       |       |     9 ||     9
Dodge: Dodged            |    47 |    55 |    16 ||   118
Block: Kite shield       |       |       |     1 ||     1
